 Dungeon Crawl Stone Soup version 0.21-a0-140-g479285b (webtiles) character file.

7 drasked the Chiller (level 1, -1/10 HPs)
             Began as a Deep Elf Ice Elementalist on July 21, 2017.
             Killed from afar by a dart slug (7 damage)
             ... with a slug dart
             ... on level 1 of the Dungeon.
             The game lasted 00:00:34 (198 turns).

drasked the Chiller (Deep Elf Ice Elementalist)      Turns: 198, Time: 00:00:35

Health: -1/10      AC:  2    Str:  5    XL:     1   Next: 83%
Magic:  4/6        EV: 13    Int: 19    God:
Gold:   6          SH:  0    Dex: 15    Spells: 5/6 levels left

rFire    . . .     SeeInvis .   e - +0 short sword
rCold    . . .     Gourm    .   (no shield)
rNeg     . . .     Faith    .   a - +0 robe
rPois    .         Spirit   .   (no helmet)
rElec    .         Reflect  .   (no cloak)
rCorr    .         Harm     .   (no gloves)
MR       .....                  (no boots)
Stlth    ++........             (no amulet)
HPRegen  0.03/turn              (no ring)
MPRegen  0.10/turn              (no ring)

@: no status effects
A: no striking features
a: no special abilities


You were on level 1 of the Dungeon.
You were not hungry.

You visited 1 branch of the dungeon, and saw 1 of its levels.

You collected 6 gold pieces.

Inventory:

Hand Weapons
 e - a +0 short sword (weapon)
   (You took it off a kobold on level 1 of the Dungeon)
Armour
 a - a +0 robe (worn)
Potions
 d - a potion of haste {unknown}
Books
 b - a book of Frost
Comestibles
 c - a bread ration {@e1}


   Skills:
 - Level 2.4 Dodging
 - Level 2.4 Stealth
 - Level 3.0 Spellcasting
   Level 1.1 Conjurations
 + Level 3.8 Ice Magic


You had 5 spell levels left.
You knew the following spells:

 Your Spells              Type           Power        Failure   Level  Hunger
a - Freeze                Ice            ###.         3%          1    None


Dungeon Overview and Level Annotations

Branches:
Dungeon (1/15)

Altars:


Message History

A frilled lizard is nearby!
Found a stone staircase leading down.
The frilled lizard bites you but does no damage.
Aim: a frilled lizard You freeze the frilled lizard.
You kill the frilled lizard!
You now have 3/6 mp.
You open the door.
A frilled lizard comes into view.
There is an open door here.
You regained 2 mp, and now have 5/6 mp.
A frilled lizard is nearby!
A frilled lizard is nearby!
A bat comes into view.
A kobold comes into view.
The kobold shouts!
Found an escape hatch in the floor.
The frilled lizard hisses angrily.
The bat barely misses you. The bat barely misses you.
The bat hits you but does no damage.
MP restored: 6
Aim: a bat You freeze the bat.
You kill the bat!
The kobold throws a stone.
The stone completely misses you.
You now have 5/6 mp.
Aim: a frilled lizard You freeze the frilled lizard.
You kill the frilled lizard!
The kobold throws a stone.
The stone hits you but does no damage.
You now have 4/6 mp.
The kobold throws a stone.
The stone barely misses you. The kobold hits you but does no damage.
You see here a bat corpse.
Aim: a kobold You freeze the kobold.
You kill the kobold!
You now have 3/6 mp.
There is an escape hatch in the floor here.
You now have 6 gold pieces.
A bat comes into view.
You see here a metallic green potion.
MP restored: 6 A bat is nearby!
A bat is nearby!
A bat is nearby!
The bat hits you but does no damage.
Aim: a bat You freeze the bat.
The bat closely misses you.
You now have 5/6 mp.
Aim: a bat (severely wounded)
You freeze the bat.
You kill the bat!
You now have 4/6 mp.
d - a metallic green potion A giant cockroach comes into view.
MP restored: 6 A giant cockroach is nearby!
A giant cockroach is nearby!
A giant cockroach is nearby!
Aim: a giant cockroach (clinging, resting)
You freeze the giant cockroach. The giant cockroach closely misses you.
The giant cockroach completely misses you.
You now have 5/6 mp.
Aim: a giant cockroach (severely wounded, clinging)
You freeze the giant cockroach.
You kill the giant cockroach!
You now have 4/6 mp.
Found a stone staircase leading down.
MP restored: 6
There is a stone staircase leading down here.
A kobold comes into view. It is wielding a short sword.
A kobold is nearby!
A kobold is nearby!
The kobold shouts!
Aim: a kobold, wielding a short sword You freeze the kobold.
The kobold completely misses you.
You now have 5/6 mp.
Aim: a kobold, wielding a short sword (severely wounded)
You freeze the kobold.
You kill the kobold!
You now have 4/6 mp.
e - a short sword You see here a kobold corpse.
Wield which item (- for none, * to show all)? (? for menu, Esc to quit)
e - a +0 short sword (weapon)
A dart slug comes into view.
A dart slug is nearby!
A giant cockroach comes into view.
The dart slug launches a dart at you. The slug dart hits you!
You take 4 damage, and have 6/10 hp.
MASSIVE DAMAGE!!
Aim: a dart slug You freeze the dart slug.
The dart slug launches a dart at you. The slug dart hits you!
Ouch! That really hurt!
You die...

... .#.# #.# #..#
#..## #.# #.. ....
#.# #.# ...#
#.####.# ...
#......# ..#
#.####.# ..# #†#
#.#####..##
#.####.....@w..#
#....#.####.....#
#.#..#.# .......#
#......##.....%..s#
#.......+.........+
##...####.........#
##>.# ##.......##
##.# ##.....## #..#


You could see a dart slug and a giant cockroach (sleeping).

Vanquished Creatures
  2 giant cockroaches (D:1)
  2 bats (D:1)
  2 frilled lizards (D:1)
  2 kobolds (D:1)
8 creatures vanquished.

Notes
Turn   | Place    | Note
-------+----------+-------------------------------------------
     0 | D:1      | drasked the Deep Elf Ice Elementalist began the quest for the Orb.
     0 | D:1      | Reached XP level 1. HP: 10/10 MP: 6/6
   198 | D:1      | Killed from afar by a dart slug

Vault maps used:
D:1:      minmay_arrival_stair_chambers

Action                   || total
-------------------------++-------
 Cast: Freeze            ||    13
Armor: Robe              ||     5
Dodge: Dodged            ||     8

Vault maps used:
D:1:      minmay_arrival_stair_chambers

Table legend:
 A = Turns spent in this place as a percentage of turns spent in the entire game.
 B = Non-inter-level travel turns spent in this place as a percentage of non-inter-level travel turns spent in the entire game.
 C = Inter-level travel turns spent in this place as a percentage of turns spent in this place.
 D = Turns resting spent in this place as a percentage of non-inter-level travel turns spent in this place.
 E = Turns spent auto-exploring this place as a percentage of non-inter-level travel turns spent in this place.
 F = Non-inter-level travel turns spent in this place divided by the number of levels of this place that you've seen.
                   A       B       C       D       E      F
               +-------+-------+-------+-------+-------+----------------------
         Total | 100.0 | 100.0 |   0.0 |   0.0 |  10.5 |  86.0
       Dungeon | 100.0 | 100.0 |   0.0 |   0.0 |  10.5 |  86.0
               +-------+-------+-------+-------+-------+----------------------

Table legend:
 A = Kills in this place as a percentage of kills in entire the game.
 B = Kills by you in this place as a percentage of kills by you in the entire game.
 C = Kills by friends in this place as a percentage of kills by friends in the entire game.
 D = Other kills in this place as a percentage of other kills in the entire game.
 E = Experience gained in this place as a percentage of experience gained in the entire game.
 F = Experience gained in this place divided by the number of levels of this place that you have seen.
                   A       B       C       D       E      F
               +-------+-------+-------+-------+-------+----------------------
         Total | 100.0 | 100.0 |  -nan |  -nan | 100.0 |  10.0
       Dungeon | 100.0 | 100.0 |  -nan |  -nan | 100.0 |  10.0
               +-------+-------+-------+-------+-------+----------------------
